Senateurs vs Lightning
Created - April 30, 2017 at 18:57
Goals
|
| Senateurs |
1 |
0 |
0 |
1 |
| Lightning |
1 |
2 |
2 |
5 |
|
Shots
|
| Senateurs |
16 |
11 |
12 |
39 |
| Lightning |
16 |
17 |
9 |
42 |
|
1st period
1. Lightning , Henrik Zetterberg 45 (Robert Nilsson 55, Brent Burns 45) at 14:32
2. Senateurs , Carlo Colaiacovo 2 (Milan Hejduk 10, Johan Franzen 24) at 18:49
Penalties :
Kurtis Foster (Ott) for Holding (Minor) at 8:39, Vitaly Vishnevsky (Ott) for Boarding (Minor) at 16:01
2nd period
3. Lightning , Chris Higgins 17 (Brent Burns 46, Victor Hedman 9) at 1:41 (PP)
4. Lightning , Brent Burns 16 (Daniel Carcillo 15, Steve Bernier 13) at 7:17
Penalties :
Richard Jackman (Ott) for Tripping (Minor) at 0:53, Steve Bernier (TB.) for Interference (Minor) at 9:46, Wes O'Neill (TB.) for Boarding (Minor) at 17:58
3rd period
5. Lightning , Robert Nilsson 45 (Wayne Simmonds 19) at 6:52
6. Lightning , Kris Versteeg 41 (Henrik Zetterberg 72, Robert Nilsson 56) at 11:23 (PP)
Penalties :
Thomas Vanek (Ott) for Hooking (Minor) at 11:11, Pierre-Marc Bouchard (TB.) for Hooking (Minor) at 15:40, Wayne Simmonds (TB.) for Hooking (Minor) at 18:31
Goalie Stats
Maxime Daigneault (Ott), 37 saves from 42 shots - (0.881), L, 9-13-3, 60:00 minutes
Jaroslav Halak (TB.), 38 saves from 39 shots - (0.974), W, 33-27-7, 60:00 minutes
Players Stats for Senateurs
Player Name G A P +/- PIM S H SB GA TA FO MP PP MP PK MP
------------------------------------------------------------------------------------
B.J. Crombeen 0 0 0 0 0 3 1 2 1 0 0/1 17:49 2:44 0:00
Brad Richards 0 0 0 0 0 5 1 0 0 0 5/13 21:04 2:44 3:14
Brandon Dubinsky 0 0 0 -1 0 0 0 0 0 2 2/5 10:42 0:12 0:00
Brenden Morrow 0 0 0 0 0 5 3 0 0 0 0/0 19:30 2:44 1:41
Carlo Colaiacovo 1 0 1 -1 0 1 2 2 0 0 0/0 20:00 1:32 1:31
Dan Girardi 0 0 0 0 0 0 0 1 0 0 0/0 12:09 0:34 0:00
Dan Hamhuis 0 0 0 -1 0 0 2 1 0 1 0/0 27:51 5:19 3:27
Darcy Hordichuk 0 0 0 0 0 3 1 0 0 0 0/0 7:25 0:43 0:00
George Parros 0 0 0 0 0 3 0 0 0 0 0/0 7:56 0:41 0:22
Gilbert Brule 0 0 0 -1 0 2 4 0 0 0 17/32 20:39 3:55 1:34
Johan Franzen 0 1 1 -1 0 0 1 0 1 1 2/3 19:05 3:57 0:00
Kurtis Foster 0 0 0 -1 2 3 1 3 1 0 0/0 26:25 5:19 2:14
Mike Fisher 0 0 0 0 0 0 0 0 0 0 0/1 6:42 0:00 0:00
Milan Hejduk 0 1 1 -1 0 4 0 0 0 0 0/1 11:07 0:37 0:00
Richard Jackman 0 0 0 0 2 1 1 1 1 0 0/0 14:27 0:34 1:58
Ryan Bayda 0 0 0 -1 0 3 1 0 1 0 0/0 10:33 0:03 0:00
Thomas Vanek 0 0 0 -1 2 3 4 0 0 0 1/3 22:19 3:55 3:05
Vitaly Vishnevsky 0 0 0 -1 2 3 0 0 0 0 0/0 19:15 1:32 0:46
Players Stats for Lightning
Player Name G A P +/- PIM S H SB GA TA FO MP PP MP PK MP
------------------------------------------------------------------------------------
Andy Rogers 0 0 0 0 0 1 1 1 0 0 0/0 19:30 0:00 4:36
Brent Burns 1 2 3 3 0 6 0 2 0 2 0/0 26:15 2:52 2:49
Chris Higgins 1 0 1 0 0 2 1 0 0 1 0/0 17:26 1:47 0:32
Daniel Carcillo 0 1 1 1 0 1 2 3 1 0 0/0 12:44 0:02 2:11
Darroll Powe 0 0 0 -1 0 0 0 1 0 0 6/11 10:36 0:00 4:34
Henrik Zetterberg 1 1 2 2 0 7 1 0 0 0 1/1 19:16 3:09 0:05
Jeff Schultz 0 0 0 3 0 4 1 1 0 1 0/0 26:05 1:54 4:36
John Carlson 0 0 0 0 0 1 0 0 0 0 0/0 19:15 3:04 0:38
Kris Versteeg 1 0 1 0 0 3 2 0 0 0 1/1 18:24 3:09 0:00
Logan Couture 0 0 0 1 0 0 0 0 0 1 3/6 12:38 1:47 1:04
Pierre-Luc Létourneau 0 0 0 -1 0 0 0 1 0 0 0/0 5:49 0:02 0:00
Pierre-Marc Bouchard 0 0 0 0 2 5 1 0 0 0 5/11 15:35 0:00 0:00
Robert Nilsson 1 2 3 2 0 6 1 0 0 0 15/28 21:20 3:09 1:47
Sheldon Keefe 0 0 0 -1 0 1 0 0 0 0 0/0 10:53 0:02 4:37
Steve Bernier 0 1 1 1 2 0 0 0 1 0 0/0 10:11 0:00 0:00
Victor Hedman 0 1 1 -1 0 1 0 0 2 0 0/0 14:03 1:54 0:00
Wayne Simmonds 0 1 1 2 2 2 3 1 0 0 1/1 17:38 1:47 0:00
Wes O'Neill 0 0 0 -1 2 2 0 1 0 0 0/0 14:53 0:12 2:11
3 Stars
1 - Jaroslav Halak (TB.)
2 - Brent Burns (TB.)
3 - Robert Nilsson (TB.)
Power Play
Senateurs - 0 on 4 Attempt(s) - 0.00%
Lightning - 2 on 4 Attempt(s) - 50.00%
Penalty Kill
Senateurs - 2 on 4 Attempt(s) - 50.00%
- Score 0 goal in Penalty Kill
Lightning - 4 on 4 Attempt(s) - 100.00%
- Score 0 goal in Penalty Kill
Team Stat
Senateurs - Hits : 22 - Faceoff Wins : 27 - Blocked Shots : 10 - Penalty Minutes : 8
Lightning - Hits : 13 - Faceoff Wins : 32 - Blocked Shots : 11 - Penalty Minutes : 8
Official
Referees : Hebert Ghislain and Leggo Mike
Linesman : Steve Miller and Derek Nansen
Game Notes
No Game Note
Finance
Level 1 -- Attendance: 3889 (64.82%) -- Ticket Income $427,790
Level 2 -- Attendance: 3479 (69.58%) -- Ticket Income $205,261
Level 3 -- Attendance: 1382 (69.10%) -- Ticket Income $53,898
Level 4 -- Attendance: 1902 (47.55%) -- Ticket Income $66,570
Luxury Box -- Attendance: 667 (66.70%) -- Ticket Income $140,070
Game was played at the Tampa Bay Stadium.
Total Attendance: 11319 (62.88%)
Total Ticket Income: $893,589
Other Income: $134,038
Total Income: $1,027,627
Senateurs
5 vs 5 Forward
Center Left Wing Right Wing Time % Phy DF OF
1 Gilbert Brule Thomas Vanek Johan Franzen 40 1 2 2
2 Brad Richards Brenden Morrow B.J. Crombeen 30 1 2 2
3 Brandon Dubinsky Ryan Bayda Milan Hejduk 20 1 2 2
4 Mike Fisher Darcy Hordichuk George Parros 10 1 2 2
5 vs 5 Defense
Defense Defense Time % Phy DF OF
1 Kurtis Foster Dan Hamhuis 40 1 2 2
2 Vitaly Vishnevsky Carlo Colaiacovo 30 1 2 2
3 Dan Girardi Richard Jackman 20 1 2 2
4 Kurtis Foster Dan Hamhuis 10 1 2 2
PowerPlay Forward
Center Left Wing Right Wing Time % Phy DF OF
1 Gilbert Brule Thomas Vanek Johan Franzen 60 0 2 3
2 Brad Richards Brenden Morrow B.J. Crombeen 40 0 2 3
PowerPlay Defense
Defense Defense Time % Phy DF OF
1 Kurtis Foster Dan Hamhuis 60 0 2 3
2 Vitaly Vishnevsky Carlo Colaiacovo 40 0 2 3
Penalty Kill 4 Players Forward
Center Wing Time % Phy DF OF
1 Brad Richards Thomas Vanek 60 1 2 2
2 Gilbert Brule Brenden Morrow 40 1 2 2
Penalty Kill 4 Players Defense
Defense Defense Time % Phy DF OF
1 Kurtis Foster Dan Hamhuis 60 1 2 2
2 Vitaly Vishnevsky Carlo Colaiacovo 40 1 2 2
Penalty Kill - 3 Players Forward
Forward Time % Phy DF OF
1 Thomas Vanek 60 1 2 2
2 Brad Richards 40 1 2 2
Penalty Kill - 3 Players Defense
Defense Defense Time % Phy DF OF
1 Kurtis Foster Dan Hamhuis 60 1 2 2
2 Vitaly Vishnevsky Carlo Colaiacovo 40 1 2 2
4 vs 4 Forward
Center Wing Time % Phy DF OF
1 Gilbert Brule Thomas Vanek 60 1 2 2
2 Brad Richards Johan Franzen 40 1 2 2
4 vs 4 Defense
Defense Defense Time % Phy DF OF
1 Kurtis Foster Dan Hamhuis 60 1 2 2
2 Vitaly Vishnevsky Carlo Colaiacovo 40 1 2 2
Last Minutes Offensive
Center Left Wing Right Wing Defense Defense
Brad Richards Thomas Vanek Johan Franzen Kurtis Foster Dan Hamhuis
Last Minutes Defensive
Center Left Wing Right Wing Defense Defense
Brad Richards Thomas Vanek Johan Franzen Kurtis Foster Dan Hamhuis
Goaltenders
Starting : Maxime Daigneault
Backup : Ondrej Pavelec
Extra Forwards
Normal : Darcy Hordichuk, Milan Hejduk, George Parros - PP : Darcy Hordichuk, Milan Hejduk - PK : George Parros
Extra Defensemen
Normal : Dan Girardi, Richard Jackman, Vitaly Vishnevsky - PP : Dan Girardi - PK : Richard Jackman, Vitaly Vishnevsky
Penalty Shots
Thomas Vanek, Brad Richards, Gilbert Brule, Brenden Morrow, Johan Franzen
Scratches
Vladimir Mihalik (Left Foot Injury)
Lightning
5 vs 5 Forward
Center Left Wing Right Wing Time % Phy DF OF
1 Robert Nilsson Henrik Zetterberg Wayne Simmonds 40 1 2 2
2 Pierre-Marc Bouchard Chris Higgins Kris Versteeg 30 1 2 2
3 Logan Couture Daniel Carcillo Steve Bernier 20 1 2 2
4 Darroll Powe Pierre-Luc Létourneau Sheldon Keefe 10 1 2 2
5 vs 5 Defense
Defense Defense Time % Phy DF OF
1 Brent Burns Jeff Schultz 40 1 2 2
2 Andy Rogers John Carlson 30 1 2 2
3 Wes O'Neill Victor Hedman 20 1 2 2
4 Jeff Schultz Brent Burns 10 1 2 2
PowerPlay Forward
Center Left Wing Right Wing Time % Phy DF OF
1 Robert Nilsson Henrik Zetterberg Kris Versteeg 60 1 2 2
2 Logan Couture Chris Higgins Wayne Simmonds 40 1 2 2
PowerPlay Defense
Defense Defense Time % Phy DF OF
1 Brent Burns John Carlson 60 1 2 2
2 Jeff Schultz Victor Hedman 40 1 2 2
Penalty Kill 4 Players Forward
Center Wing Time % Phy DF OF
1 Darroll Powe Sheldon Keefe 60 1 2 2
2 Robert Nilsson Daniel Carcillo 40 1 2 2
Penalty Kill 4 Players Defense
Defense Defense Time % Phy DF OF
1 Andy Rogers Jeff Schultz 60 1 2 2
2 Brent Burns Wes O'Neill 40 1 2 2
Penalty Kill - 3 Players Forward
Forward Time % Phy DF OF
1 Henrik Zetterberg 60 1 2 2
2 Robert Nilsson 40 1 2 2
Penalty Kill - 3 Players Defense
Defense Defense Time % Phy DF OF
1 Brent Burns Jeff Schultz 60 1 2 2
2 Andy Rogers John Carlson 40 1 2 2
4 vs 4 Forward
Center Wing Time % Phy DF OF
1 Robert Nilsson Henrik Zetterberg 60 1 2 2
2 Logan Couture Chris Higgins 40 1 2 2
4 vs 4 Defense
Defense Defense Time % Phy DF OF
1 Brent Burns Jeff Schultz 60 1 2 2
2 Andy Rogers John Carlson 40 1 2 2
Last Minutes Offensive
Center Left Wing Right Wing Defense Defense
Robert Nilsson Henrik Zetterberg Kris Versteeg Brent Burns John Carlson
Last Minutes Defensive
Center Left Wing Right Wing Defense Defense
Robert Nilsson Henrik Zetterberg Sheldon Keefe Andy Rogers Jeff Schultz
Goaltenders
Starting : Jaroslav Halak
Backup : Tyler Weiman
Extra Forwards
Normal : Daniel Carcillo, Wayne Simmonds, Sheldon Keefe - PP : Daniel Carcillo, Wayne Simmonds - PK : Sheldon Keefe
Extra Defensemen
Normal : Wes O'Neill, John Carlson, Victor Hedman - PP : Wes O'Neill - PK : John Carlson, Victor Hedman
Penalty Shots
Henrik Zetterberg, Robert Nilsson, Kris Versteeg, Chris Higgins, Pierre-Marc Bouchard
Scratches
None
% Time on Ice - Senateurs
Lines # - Real PCT - Wanted PCT - Time Play
Normal Forward
1 - 32% - 40% - 15:20
2 - 32% - 30% - 15:05
3 - 22% - 20% - 10:30
4 - 14% - 10% - 6:42
Normal Defense
1 - 35% - 40% - 16:41
2 - 36% - 30% - 16:57
3 - 24% - 20% - 11:33
4 - 5% - 10% - 2:26
PP Forward
1 - 63% - 60% - 4:41
2 - 37% - 40% - 2:44
PP Defense
1 - 79% - 60% - 5:53
2 - 21% - 40% - 1:32
PK Forward
1 - 68% - 60% - 3:24
2 - 32% - 40% - 1:34
PK Defense
1 - 69% - 60% - 3:27
2 - 31% - 40% - 1:31
PK3 Forward
1 - 0% - 60%
2 - 0% - 40%
PK3 Defense
1 - 0% - 60%
2 - 0% - 40%
44 Forward
1 - 0% - 60%
2 - 0% - 40%
44 Defense
1 - 0% - 60%
2 - 0% - 40%
Last Minute Offensive - 0:00
Last Minute Defensive - 0:00
Total
Forward - 60:00
Defense - 60:00
|
% Time on Ice - Lightning
Lines # - Real PCT - Wanted PCT - Time Play
Normal Forward
1 - 35% - 40% - 16:46
2 - 33% - 30% - 15:36
3 - 20% - 20% - 9:45
4 - 12% - 10% - 5:30
Normal Defense
1 - 39% - 40% - 18:37
2 - 32% - 30% - 15:08
3 - 25% - 20% - 11:48
4 - 4% - 10% - 2:04
PP Forward
1 - 64% - 60% - 3:11
2 - 36% - 40% - 1:47
PP Defense
1 - 62% - 60% - 3:04
2 - 38% - 40% - 1:54
PK Forward
1 - 76% - 60% - 5:38
2 - 24% - 40% - 1:47
PK Defense
1 - 71% - 60% - 5:14
2 - 29% - 40% - 2:11
PK3 Forward
1 - 0% - 60%
2 - 0% - 40%
PK3 Defense
1 - 0% - 60%
2 - 0% - 40%
44 Forward
1 - 0% - 60%
2 - 0% - 40%
44 Defense
1 - 0% - 60%
2 - 0% - 40%
Last Minute Offensive - 0:00
Last Minute Defensive - 0:00
Total
Forward - 60:00
Defense - 60:00
|
Play by Play
1st period
0:01 of 1st period - Robert Nilsson wins face-off versus Gilbert Brule in neutral zone.
0:54 of 1st period - Slapshot by Brent Burns.
0:54 of 1st period - Stopped by Maxime Daigneault without a rebound.
0:55 of 1st period - Darroll Powe wins face-off versus Mike Fisher in Senateurs zone.
1:20 of 1st period - Dan Girardi is hit by Chris Higgins and loses puck.
1:27 of 1st period - Wrist shot by Chris Higgins.
1:27 of 1st period - Shot Misses the Net.
1:29 of 1st period - Slapshot by Wes O'Neill.
1:29 of 1st period - Shot Misses the Net.
1:31 of 1st period - Slapshot by Wes O'Neill.
1:31 of 1st period - Deflect By Chris Higgins.
1:31 of 1st period - Shot Misses the Net.
1:31 of 1st period - Puck is out of play.
1:32 of 1st period - Robert Nilsson wins face-off versus Thomas Vanek in Senateurs zone.
1:45 of 1st period - Slapshot by Wayne Simmonds.
1:45 of 1st period - Shot Misses the Net.
1:47 of 1st period - Slapshot by Henrik Zetterberg.
1:47 of 1st period - Stopped by Maxime Daigneault with a rebound.
2:27 of 1st period - Backhand shot by Kurtis Foster.
2:27 of 1st period - Deflect By Milan Hejduk.
2:27 of 1st period - Stopped by Jaroslav Halak with a rebound.
2:30 of 1st period - Icing by Brent Burns.
2:31 of 1st period - Johan Franzen wins face-off versus Pierre-Marc Bouchard in Lightning zone.
2:38 of 1st period - Snap shot by Kris Versteeg.
2:38 of 1st period - Deflect By Johan Franzen.
2:38 of 1st period - Shot Misses the Net.
2:38 of 1st period - Puck is out of play.
2:39 of 1st period - Robert Nilsson wins face-off versus Gilbert Brule in Senateurs zone.
2:48 of 1st period - Snap shot by Henrik Zetterberg.
2:48 of 1st period - Stopped by Maxime Daigneault without a rebound.
2:49 of 1st period - Brad Richards wins face-off versus Robert Nilsson in Senateurs zone.
2:54 of 1st period - Snap shot by Brad Richards.
2:54 of 1st period - Stopped by Jaroslav Halak with a rebound.
2:56 of 1st period - Slapshot by Brenden Morrow.
2:56 of 1st period - Stopped by Jaroslav Halak with a rebound.
2:58 of 1st period - Snap shot by Dan Hamhuis.
2:58 of 1st period - Deflect By Brad Richards.
2:58 of 1st period - Shot Misses the Net.
2:58 of 1st period - Puck is out of play.
2:59 of 1st period - Robert Nilsson wins face-off versus B.J. Crombeen in Lightning zone.
3:04 of 1st period - Kurtis Foster is hit by Wayne Simmonds and loses puck.
3:50 of 1st period - Wrist shot by Brad Richards.
3:50 of 1st period - Stopped by Jaroslav Halak with a rebound.
3:52 of 1st period - Snap shot by Brenden Morrow.
3:52 of 1st period - Shot Blocked by Daniel Carcillo.
3:54 of 1st period - Wrist shot by Kurtis Foster.
3:54 of 1st period - Shot Blocked by Brent Burns.
5:04 of 1st period - Slapshot by B.J. Crombeen.
5:04 of 1st period - Shot Misses the Net.
5:06 of 1st period - Wrist shot by B.J. Crombeen.
5:06 of 1st period - Shot Misses the Net.
5:12 of 1st period - Snap shot by Brad Richards.
5:12 of 1st period - Deflect By Steve Bernier.
5:12 of 1st period - Stopped by Jaroslav Halak with a rebound.
5:14 of 1st period - Snap shot by Brad Richards.
5:14 of 1st period - Stopped by Jaroslav Halak without a rebound.
5:15 of 1st period - Gilbert Brule wins face-off versus Robert Nilsson in Lightning zone.
5:18 of 1st period - Snap shot by Gilbert Brule.
5:18 of 1st period - Shot Blocked by Andy Rogers.
5:20 of 1st period - Slapshot by Vitaly Vishnevsky.
5:20 of 1st period - Stopped by Jaroslav Halak with a rebound.
5:22 of 1st period - Slapshot by Gilbert Brule.
5:22 of 1st period - Shot Misses the Net.
5:26 of 1st period - Snap shot by Gilbert Brule.
5:26 of 1st period - Deflect By Andy Rogers.
5:26 of 1st period - Stopped by Jaroslav Halak with a rebound.
5:49 of 1st period - Slapshot by Pierre-Marc Bouchard.
5:49 of 1st period - Shot Misses the Net.
5:51 of 1st period - Slapshot by Andy Rogers.
5:51 of 1st period - Deflect By Brandon Dubinsky.
5:51 of 1st period - Stopped by Maxime Daigneault with a rebound.
5:53 of 1st period - Wrist shot by Kris Versteeg.
5:53 of 1st period - Shot Misses the Net.
6:10 of 1st period - Slapshot by Victor Hedman.
6:10 of 1st period - Shot Misses the Net.
6:39 of 1st period - Johan Franzen is hit by Pierre-Marc Bouchard and loses puck.
7:05 of 1st period - John Carlson is hit by Darcy Hordichuk and loses puck.
7:20 of 1st period - John Carlson is hit by Ryan Bayda and loses puck.
8:03 of 1st period - Dan Girardi is hit by Wayne Simmonds and loses puck.
8:39 of 1st period - Minor Penalty to Kurtis Foster for Holding.
8:40 of 1st period - Henrik Zetterberg wins face-off versus Brad Richards in Senateurs zone.
8:47 of 1st period - Slapshot by Kris Versteeg.
8:47 of 1st period - Stopped by Maxime Daigneault without a rebound.
8:48 of 1st period - Thomas Vanek wins face-off versus Robert Nilsson in Senateurs zone.
9:09 of 1st period - Snap shot by Robert Nilsson.
9:09 of 1st period - Stopped by Maxime Daigneault without a rebound.
9:10 of 1st period - Wayne Simmonds wins face-off versus Brad Richards in Senateurs zone.
9:49 of 1st period - Off-side.
9:50 of 1st period - Logan Couture wins face-off versus Brad Richards in neutral zone.
10:01 of 1st period - Slapshot by Brent Burns.
10:01 of 1st period - Shot Misses the Net.
10:39 of 1st period - Penalty to Kurtis Foster is over, Kurtis Foster is back on ice.
10:42 of 1st period - Richard Jackman is hit by Kris Versteeg and loses puck.
10:59 of 1st period - Snap shot by Milan Hejduk.
10:59 of 1st period - Stopped by Jaroslav Halak without a rebound.
11:00 of 1st period - Brandon Dubinsky wins face-off versus Logan Couture in Lightning zone.
11:01 of 1st period - Slapshot by Milan Hejduk.
11:01 of 1st period - Deflect By Ryan Bayda.
11:01 of 1st period - Stopped by Jaroslav Halak with a rebound.
11:03 of 1st period - Slapshot by Kurtis Foster.
11:03 of 1st period - Stopped by Jaroslav Halak with a rebound.
11:05 of 1st period - Wrist shot by Dan Hamhuis.
11:05 of 1st period - Deflect By Brandon Dubinsky.
11:05 of 1st period - Shot Misses the Net.
11:05 of 1st period - Puck is out of play.
11:06 of 1st period - Brandon Dubinsky wins face-off versus Logan Couture in Lightning zone.
11:15 of 1st period - Snap shot by Milan Hejduk.
11:15 of 1st period - Shot Misses the Net.
11:17 of 1st period - Wrist shot by Kurtis Foster.
11:17 of 1st period - Shot Misses the Net.
11:43 of 1st period - Slapshot by Robert Nilsson.
11:43 of 1st period - Shot Misses the Net.
12:25 of 1st period - Slapshot by Brent Burns.
12:25 of 1st period - Shot Misses the Net.
12:27 of 1st period - Slapshot by Jeff Schultz.
12:27 of 1st period - Shot Blocked by Carlo Colaiacovo.
12:29 of 1st period - Slapshot by Jeff Schultz.
12:29 of 1st period - Stopped by Maxime Daigneault with a rebound.
13:17 of 1st period - Daniel Carcillo is hit by B.J. Crombeen.
13:33 of 1st period - Slapshot by John Carlson.
13:33 of 1st period - Stopped by Maxime Daigneault without a rebound.
13:34 of 1st period - Darroll Powe wins face-off versus Brandon Dubinsky in Senateurs zone.
13:42 of 1st period - Icing by Carlo Colaiacovo.
13:43 of 1st period - Robert Nilsson wins face-off versus Brandon Dubinsky in Senateurs zone.
14:00 of 1st period - Snap shot by Brandon Dubinsky.
14:00 of 1st period - Deflect By Milan Hejduk.
14:00 of 1st period - Stopped by Jaroslav Halak with a rebound.
14:20 of 1st period - Slapshot by Vitaly Vishnevsky.
14:20 of 1st period - Deflect By Henrik Zetterberg.
14:20 of 1st period - Stopped by Jaroslav Halak with a rebound.
14:32 of 1st period - Slapshot by Henrik Zetterberg.
14:32 of 1st period - Goal by Henrik Zetterberg - Senateurs : 0 - Lightning : 1.
14:33 of 1st period - Gilbert Brule wins face-off versus Pierre-Marc Bouchard in neutral zone.
14:48 of 1st period - Slapshot by Pierre-Marc Bouchard.
14:48 of 1st period - Stopped by Maxime Daigneault without a rebound.
14:49 of 1st period - Gilbert Brule wins face-off versus Robert Nilsson in Senateurs zone.
15:19 of 1st period - Wrist shot by Chris Higgins.
15:19 of 1st period - Stopped by Maxime Daigneault with a rebound.
15:41 of 1st period - Slapshot by Kurtis Foster.
15:41 of 1st period - Deflect By Darcy Hordichuk.
15:41 of 1st period - Stopped by Jaroslav Halak with a rebound.
15:43 of 1st period - Wrist shot by Darcy Hordichuk.
15:43 of 1st period - Stopped by Jaroslav Halak without a rebound.
15:44 of 1st period - Robert Nilsson wins face-off versus Gilbert Brule in Lightning zone.
15:44 of 1st period - Robert Nilsson is hit by Thomas Vanek.
15:50 of 1st period - Wrist shot by Henrik Zetterberg.
15:50 of 1st period - Shot Misses the Net.
15:52 of 1st period - Snap shot by Jeff Schultz.
15:52 of 1st period - Shot Blocked by Carlo Colaiacovo.
15:54 of 1st period - Snap shot by Jeff Schultz.
15:54 of 1st period - Deflect By Gilbert Brule.
15:54 of 1st period - Stopped by Maxime Daigneault with a rebound.
15:56 of 1st period - Wrist shot by Robert Nilsson.
15:56 of 1st period - Stopped by Maxime Daigneault with a rebound.
15:58 of 1st period - Slapshot by Jeff Schultz.
15:58 of 1st period - Stopped by Maxime Daigneault without a rebound.
15:59 of 1st period - Gilbert Brule wins face-off versus Pierre-Marc Bouchard in Senateurs zone.
16:01 of 1st period - Minor Penalty to Vitaly Vishnevsky for Boarding.
16:02 of 1st period - Robert Nilsson wins face-off versus Brad Richards in Senateurs zone.
16:18 of 1st period - Snap shot by Kris Versteeg.
16:18 of 1st period - Shot Misses the Net.
16:34 of 1st period - Henrik Zetterberg is hit by Thomas Vanek.
16:38 of 1st period - Snap shot by Brent Burns.
16:38 of 1st period - Stopped by Maxime Daigneault with a rebound.
16:48 of 1st period - Snap shot by Brent Burns.
16:48 of 1st period - Stopped by Maxime Daigneault with a rebound.
16:50 of 1st period - Slapshot by John Carlson.
16:50 of 1st period - Deflect By Henrik Zetterberg.
16:50 of 1st period - Shot Blocked by Richard Jackman.
16:50 of 1st period - Puck is out of play.
16:51 of 1st period - Logan Couture wins face-off versus Gilbert Brule in Senateurs zone.
18:01 of 1st period - Penalty to Vitaly Vishnevsky is over, Vitaly Vishnevsky is back on ice.
18:12 of 1st period - Snap shot by Mike Fisher.
18:12 of 1st period - Shot Blocked by Daniel Carcillo.
18:45 of 1st period - Slapshot by Carlo Colaiacovo.
18:45 of 1st period - Shot Misses the Net.
18:47 of 1st period - Slapshot by Milan Hejduk.
18:47 of 1st period - Shot Misses the Net.
18:49 of 1st period - Slapshot by Carlo Colaiacovo.
18:49 of 1st period - Goal by Carlo Colaiacovo - Senateurs : 1 - Lightning : 1.
18:50 of 1st period - Gilbert Brule wins face-off versus Robert Nilsson in neutral zone.
19:05 of 1st period - Kurtis Foster is hit by Henrik Zetterberg and loses puck.
Goals for this period are 1 for Senateurs vs 1 for Lightning .
Shots for this period are 16 for Senateurs vs 16 for Lightning .
2nd period
0:01 of 2nd period - Gilbert Brule wins face-off versus Robert Nilsson in neutral zone.
0:14 of 2nd period - Slapshot by Jeff Schultz.
0:14 of 2nd period - Deflect By Gilbert Brule.
0:14 of 2nd period - Stopped by Maxime Daigneault with a rebound.
0:16 of 2nd period - Slapshot by Jeff Schultz.
0:16 of 2nd period - Shot Blocked by Kurtis Foster.
0:34 of 2nd period - Snap shot by Brad Richards.
0:34 of 2nd period - Stopped by Jaroslav Halak with a rebound.
0:53 of 2nd period - Minor Penalty to Richard Jackman for Tripping.
0:54 of 2nd period - Brad Richards wins face-off versus Robert Nilsson in Senateurs zone.
1:08 of 2nd period - Wrist shot by Henrik Zetterberg.
1:08 of 2nd period - Stopped by Maxime Daigneault without a rebound.
1:09 of 2nd period - Robert Nilsson wins face-off versus Brad Richards in Senateurs zone.
1:34 of 2nd period - Jeff Schultz is hit by Brenden Morrow and loses puck.
1:41 of 2nd period - Slapshot by Brent Burns.
1:41 of 2nd period - Deflect By Chris Higgins.
1:41 of 2nd period - Goal by Chris Higgins - Senateurs : 1 - Lightning : 2.
1:42 of 2nd period - Robert Nilsson wins face-off versus Gilbert Brule in neutral zone.
1:45 of 2nd period - Slapshot by Brent Burns.
1:45 of 2nd period - Stopped by Maxime Daigneault without a rebound.
1:46 of 2nd period - Gilbert Brule wins face-off versus Robert Nilsson in Senateurs zone.
2:17 of 2nd period - Wrist shot by B.J. Crombeen.
2:17 of 2nd period - Shot Misses the Net.
2:19 of 2nd period - Wrist shot by B.J. Crombeen.
2:19 of 2nd period - Deflect By Brenden Morrow.
2:19 of 2nd period - Stopped by Jaroslav Halak without a rebound.
2:20 of 2nd period - Pierre-Marc Bouchard wins face-off versus Gilbert Brule in Lightning zone.
2:28 of 2nd period - Off-side.
2:29 of 2nd period - Pierre-Marc Bouchard wins face-off versus Gilbert Brule in neutral zone.
2:50 of 2nd period - Snap shot by Kris Versteeg.
2:50 of 2nd period - Shot Misses the Net.
3:12 of 2nd period - Slapshot by Vitaly Vishnevsky.
3:12 of 2nd period - Stopped by Jaroslav Halak without a rebound.
3:13 of 2nd period - Brad Richards wins face-off versus Robert Nilsson in Lightning zone.
3:21 of 2nd period - Icing by Brent Burns.
3:22 of 2nd period - Robert Nilsson wins face-off versus Brad Richards in Lightning zone.
3:27 of 2nd period - Dan Hamhuis is hit by Jeff Schultz.
3:43 of 2nd period - Snap shot by Robert Nilsson.
3:43 of 2nd period - Stopped by Maxime Daigneault with a rebound.
4:05 of 2nd period - Slapshot by Henrik Zetterberg.
4:05 of 2nd period - Shot Blocked by B.J. Crombeen.
4:07 of 2nd period - Backhand shot by Henrik Zetterberg.
4:07 of 2nd period - Stopped by Maxime Daigneault with a rebound.
4:09 of 2nd period - Wrist shot by Henrik Zetterberg.
4:09 of 2nd period - Stopped by Maxime Daigneault with a rebound.
4:27 of 2nd period - Henrik Zetterberg is hit by Dan Hamhuis.
4:37 of 2nd period - Snap shot by Robert Nilsson.
4:37 of 2nd period - Stopped by Maxime Daigneault with a rebound.
4:39 of 2nd period - Snap shot by Jeff Schultz.
4:39 of 2nd period - Shot Blocked by Kurtis Foster.
4:41 of 2nd period - Backhand shot by Brent Burns.
4:41 of 2nd period - Stopped by Maxime Daigneault with a rebound.
4:43 of 2nd period - Wrist shot by Wayne Simmonds.
4:43 of 2nd period - Stopped by Maxime Daigneault without a rebound.
4:44 of 2nd period - Gilbert Brule wins face-off versus Pierre-Marc Bouchard in Senateurs zone.
5:30 of 2nd period - Sheldon Keefe is hit by Carlo Colaiacovo and loses puck.
5:49 of 2nd period - Slapshot by Gilbert Brule.
5:49 of 2nd period - Shot Misses the Net.
5:51 of 2nd period - Wrist shot by Gilbert Brule.
5:51 of 2nd period - Shot Misses the Net.
5:53 of 2nd period - Snap shot by Thomas Vanek.
5:53 of 2nd period - Stopped by Jaroslav Halak without a rebound.
5:54 of 2nd period - Gilbert Brule wins face-off versus Logan Couture in Lightning zone.
6:11 of 2nd period - Thomas Vanek is hit by Andy Rogers and loses puck.
6:19 of 2nd period - Icing by Dan Girardi.
6:20 of 2nd period - Johan Franzen wins face-off versus Pierre-Marc Bouchard in Senateurs zone.
7:17 of 2nd period - Slapshot by Brent Burns.
7:17 of 2nd period - Goal by Brent Burns - Senateurs : 1 - Lightning : 3.
7:18 of 2nd period - Robert Nilsson wins face-off versus Gilbert Brule in neutral zone.
7:45 of 2nd period - Victor Hedman is hit by Brad Richards and loses puck.
8:10 of 2nd period - Slapshot by Ryan Bayda.
8:10 of 2nd period - Stopped by Jaroslav Halak with a rebound.
9:30 of 2nd period - Snap shot by Brandon Dubinsky.
9:30 of 2nd period - Shot Misses the Net.
9:46 of 2nd period - Minor Penalty to Steve Bernier for Interference.
9:47 of 2nd period - Gilbert Brule wins face-off versus Darroll Powe in Lightning zone.
9:48 of 2nd period - Snap shot by Thomas Vanek.
9:48 of 2nd period - Stopped by Jaroslav Halak with a rebound.
9:50 of 2nd period - Slapshot by Kurtis Foster.
9:50 of 2nd period - Stopped by Jaroslav Halak with a rebound.
9:52 of 2nd period - Snap shot by Gilbert Brule.
9:52 of 2nd period - Stopped by Jaroslav Halak without a rebound.
9:53 of 2nd period - Darroll Powe wins face-off versus Gilbert Brule in Lightning zone.
10:20 of 2nd period - Snap shot by B.J. Crombeen.
10:20 of 2nd period - Stopped by Jaroslav Halak without a rebound.
10:21 of 2nd period - Brad Richards wins face-off versus Darroll Powe in Lightning zone.
10:24 of 2nd period - Wrist shot by Brenden Morrow.
10:24 of 2nd period - Stopped by Jaroslav Halak without a rebound.
10:25 of 2nd period - Brad Richards wins face-off versus Darroll Powe in Lightning zone.
10:57 of 2nd period - Darroll Powe is hit by Brenden Morrow and loses puck.
11:24 of 2nd period - Slapshot by B.J. Crombeen.
11:24 of 2nd period - Stopped by Jaroslav Halak without a rebound.
11:25 of 2nd period - Darroll Powe wins face-off versus Gilbert Brule in Lightning zone.
11:36 of 2nd period - Wrist shot by Thomas Vanek.
11:36 of 2nd period - Shot Misses the Net.
11:46 of 2nd period - Penalty to Steve Bernier is over, Steve Bernier is back on ice.
12:46 of 2nd period - Chris Higgins is hit by Thomas Vanek and loses puck.
12:59 of 2nd period - Brandon Dubinsky is hit by Daniel Carcillo and loses puck.
14:10 of 2nd period - Snap shot by Ryan Bayda.
14:10 of 2nd period - Deflect By Brandon Dubinsky.
14:10 of 2nd period - Shot Misses the Net.
14:10 of 2nd period - Puck is out of play.
14:11 of 2nd period - Robert Nilsson wins face-off versus Milan Hejduk in Lightning zone.
14:37 of 2nd period - Victor Hedman is hit by Johan Franzen and loses puck.
14:52 of 2nd period - Chris Higgins is hit by Gilbert Brule and loses puck.
15:11 of 2nd period - Snap shot by Pierre-Marc Bouchard.
15:11 of 2nd period - Shot Misses the Net.
15:13 of 2nd period - Slapshot by Victor Hedman.
15:13 of 2nd period - Stopped by Maxime Daigneault with a rebound.
15:33 of 2nd period - Slapshot by Pierre-Marc Bouchard.
15:33 of 2nd period - Deflect By Kris Versteeg.
15:33 of 2nd period - Stopped by Maxime Daigneault with a rebound.
15:35 of 2nd period - Slapshot by Wes O'Neill.
15:35 of 2nd period - Shot Misses the Net.
15:37 of 2nd period - Slapshot by Wes O'Neill.
15:37 of 2nd period - Stopped by Maxime Daigneault with a rebound.
15:39 of 2nd period - Snap shot by Pierre-Marc Bouchard.
15:39 of 2nd period - Stopped by Maxime Daigneault with a rebound.
15:41 of 2nd period - Snap shot by Kris Versteeg.
15:41 of 2nd period - Shot Blocked by B.J. Crombeen.
15:43 of 2nd period - Snap shot by Pierre-Marc Bouchard.
15:43 of 2nd period - Stopped by Maxime Daigneault with a rebound.
16:21 of 2nd period - Wrist shot by Kris Versteeg.
16:21 of 2nd period - Shot Misses the Net.
16:43 of 2nd period - Snap shot by Pierre-Marc Bouchard.
16:43 of 2nd period - Stopped by Maxime Daigneault with a rebound.
16:58 of 2nd period - B.J. Crombeen is hit by Kris Versteeg and loses puck.
17:58 of 2nd period - Minor Penalty to Wes O'Neill for Boarding.
17:59 of 2nd period - Darroll Powe wins face-off versus Gilbert Brule in Lightning zone.
17:59 of 2nd period - Darroll Powe is hit by Gilbert Brule.
18:08 of 2nd period - Slapshot by Darroll Powe.
18:08 of 2nd period - Shot Blocked by Dan Hamhuis.
18:13 of 2nd period - Off-side.
18:14 of 2nd period - Gilbert Brule wins face-off versus Darroll Powe in neutral zone.
18:19 of 2nd period - Andy Rogers is hit by Gilbert Brule and loses puck.
18:58 of 2nd period - Wrist shot by Robert Nilsson.
18:58 of 2nd period - Shot Misses the Net.
19:00 of 2nd period - Snap shot by John Carlson.
19:00 of 2nd period - Shot Blocked by Kurtis Foster.
19:29 of 2nd period - Dan Girardi is hit by Daniel Carcillo and loses puck.
19:58 of 2nd period - Penalty to Wes O'Neill is over, Wes O'Neill is back on ice.
Goals for this period are 0 for Senateurs vs 2 for Lightning .
Shots for this period are 11 for Senateurs vs 17 for Lightning .
3rd period
0:01 of 3rd period - Gilbert Brule wins face-off versus Robert Nilsson in neutral zone.
0:08 of 3rd period - Snap shot by Gilbert Brule.
0:08 of 3rd period - Shot Blocked by Wayne Simmonds.
0:56 of 3rd period - Wrist shot by Kurtis Foster.
0:56 of 3rd period - Shot Misses the Net.
0:58 of 3rd period - Wrist shot by Brandon Dubinsky.
0:58 of 3rd period - Shot Blocked by Jeff Schultz.
1:00 of 3rd period - Wrist shot by Ryan Bayda.
1:00 of 3rd period - Shot Misses the Net.
1:02 of 3rd period - Snap shot by Milan Hejduk.
1:02 of 3rd period - Shot Blocked by Brent Burns.
1:12 of 3rd period - Snap shot by Pierre-Marc Bouchard.
1:12 of 3rd period - Stopped by Maxime Daigneault with a rebound.
1:20 of 3rd period - Slapshot by George Parros.
1:20 of 3rd period - Shot Blocked by Pierre-Luc Létourneau.
1:22 of 3rd period - Snap shot by Darcy Hordichuk.
1:22 of 3rd period - Shot Blocked by Darroll Powe.
1:52 of 3rd period - Wrist shot by Thomas Vanek.
1:52 of 3rd period - Stopped by Jaroslav Halak with a rebound.
1:54 of 3rd period - Wrist shot by Brenden Morrow.
1:54 of 3rd period - Stopped by Jaroslav Halak with a rebound.
1:56 of 3rd period - Slapshot by Brenden Morrow.
1:56 of 3rd period - Stopped by Jaroslav Halak with a rebound.
1:58 of 3rd period - Slapshot by Dan Girardi.
1:58 of 3rd period - Shot Blocked by Wes O'Neill.
2:00 of 3rd period - Snap shot by Brad Richards.
2:00 of 3rd period - Shot Misses the Net.
3:18 of 3rd period - Slapshot by Daniel Carcillo.
3:18 of 3rd period - Stopped by Maxime Daigneault without a rebound.
3:19 of 3rd period - Logan Couture wins face-off versus Brad Richards in Senateurs zone.
4:12 of 3rd period - Wrist shot by George Parros.
4:12 of 3rd period - Stopped by Jaroslav Halak without a rebound.
4:13 of 3rd period - Pierre-Marc Bouchard wins face-off versus Gilbert Brule in Lightning zone.
4:30 of 3rd period - Pierre-Marc Bouchard is hit by Gilbert Brule and loses puck.
5:03 of 3rd period - Snap shot by George Parros.
5:03 of 3rd period - Stopped by Jaroslav Halak with a rebound.
6:13 of 3rd period - Slapshot by Robert Nilsson.
6:13 of 3rd period - Stopped by Maxime Daigneault with a rebound.
6:15 of 3rd period - Slapshot by Wayne Simmonds.
6:15 of 3rd period - Shot Misses the Net.
6:17 of 3rd period - Snap shot by Wayne Simmonds.
6:17 of 3rd period - Shot Misses the Net.
6:19 of 3rd period - Slapshot by Wayne Simmonds.
6:19 of 3rd period - Stopped by Maxime Daigneault without a rebound.
6:20 of 3rd period - Gilbert Brule wins face-off versus Pierre-Marc Bouchard in Senateurs zone.
6:45 of 3rd period - Ryan Bayda is hit by Robert Nilsson and loses puck.
6:52 of 3rd period - Snap shot by Robert Nilsson.
6:52 of 3rd period - Goal by Robert Nilsson - Senateurs : 1 - Lightning : 4.
6:53 of 3rd period - Robert Nilsson wins face-off versus Gilbert Brule in neutral zone.
7:06 of 3rd period - Slapshot by Henrik Zetterberg.
7:06 of 3rd period - Shot Misses the Net.
7:27 of 3rd period - Slapshot by B.J. Crombeen.
7:27 of 3rd period - Stopped by Jaroslav Halak without a rebound.
7:28 of 3rd period - Pierre-Marc Bouchard wins face-off versus Thomas Vanek in Lightning zone.
8:03 of 3rd period - Snap shot by Henrik Zetterberg.
8:03 of 3rd period - Stopped by Maxime Daigneault with a rebound.
8:05 of 3rd period - Snap shot by Wayne Simmonds.
8:05 of 3rd period - Shot Blocked by Dan Girardi.
8:43 of 3rd period - Wrist shot by Darcy Hordichuk.
8:43 of 3rd period - Stopped by Jaroslav Halak without a rebound.
8:44 of 3rd period - Gilbert Brule wins face-off versus Robert Nilsson in Lightning zone.
9:37 of 3rd period - Backhand shot by Brandon Dubinsky.
9:37 of 3rd period - Shot Blocked by Daniel Carcillo.
9:39 of 3rd period - Snap shot by Milan Hejduk.
9:39 of 3rd period - Stopped by Jaroslav Halak without a rebound.
9:40 of 3rd period - Robert Nilsson wins face-off versus Johan Franzen in Lightning zone.
10:07 of 3rd period - Pierre-Marc Bouchard is hit by Carlo Colaiacovo and loses puck.
11:11 of 3rd period - Minor Penalty to Thomas Vanek for Hooking.
11:12 of 3rd period - Robert Nilsson wins face-off versus Brad Richards in Senateurs zone.
11:23 of 3rd period - Wrist shot by Kris Versteeg.
11:23 of 3rd period - Goal by Kris Versteeg - Senateurs : 1 - Lightning : 5.
11:24 of 3rd period - Gilbert Brule wins face-off versus Robert Nilsson in neutral zone.
11:37 of 3rd period - Thomas Vanek is hit by Wayne Simmonds and loses puck.
11:54 of 3rd period - Slapshot by Ryan Bayda.
11:54 of 3rd period - Stopped by Jaroslav Halak without a rebound.
11:55 of 3rd period - Pierre-Marc Bouchard wins face-off versus Brandon Dubinsky in Lightning zone.
12:48 of 3rd period - Slapshot by Gilbert Brule.
12:48 of 3rd period - Shot Misses the Net.
13:11 of 3rd period - Henrik Zetterberg is hit by Kurtis Foster and loses puck.
13:49 of 3rd period - Snap shot by Robert Nilsson.
13:49 of 3rd period - Shot Misses the Net.
13:51 of 3rd period - Slapshot by Wes O'Neill.
13:51 of 3rd period - Stopped by Maxime Daigneault with a rebound.
14:19 of 3rd period - Snap shot by Darcy Hordichuk.
14:19 of 3rd period - Shot Misses the Net.
14:21 of 3rd period - Slapshot by Kurtis Foster.
14:21 of 3rd period - Stopped by Jaroslav Halak without a rebound.
14:22 of 3rd period - Kris Versteeg wins face-off versus Gilbert Brule in Lightning zone.
15:40 of 3rd period - Minor Penalty to Pierre-Marc Bouchard for Hooking.
15:41 of 3rd period - Gilbert Brule wins face-off versus Darroll Powe in Lightning zone.
16:06 of 3rd period - Darroll Powe is hit by Brenden Morrow.
16:36 of 3rd period - Slapshot by Sheldon Keefe.
16:36 of 3rd period - Stopped by Maxime Daigneault without a rebound.
16:37 of 3rd period - Gilbert Brule wins face-off versus Robert Nilsson in Senateurs zone.
17:38 of 3rd period - Daniel Carcillo is hit by Dan Hamhuis and loses puck.
17:40 of 3rd period - Penalty to Pierre-Marc Bouchard is over, Pierre-Marc Bouchard is back on ice.
17:55 of 3rd period - Robert Nilsson is hit by Richard Jackman and loses puck.
18:00 of 3rd period - Snap shot by George Parros.
18:00 of 3rd period - Stopped by Jaroslav Halak with a rebound.
18:02 of 3rd period - Snap shot by Richard Jackman.
18:02 of 3rd period - Stopped by Jaroslav Halak with a rebound.
18:29 of 3rd period - Snap shot by Brad Richards.
18:29 of 3rd period - Shot Misses the Net.
18:31 of 3rd period - Minor Penalty to Wayne Simmonds for Hooking.
18:32 of 3rd period - Darroll Powe wins face-off versus Gilbert Brule in Lightning zone.
18:53 of 3rd period - Jeff Schultz is hit by Thomas Vanek and loses puck.
Goals for this period are 0 for Senateurs vs 2 for Lightning .
Shots for this period are 12 for Senateurs vs 9 for Lightning .
Back to the Top